 Dungeon Crawl Stone Soup version 0.22-a0-580-gd5db89c (webtiles) character file.

115 Hebeh the Covered (level 4, -4/41 HPs)
             Began as a Minotaur Fighter on July 2, 2018.
             Slain by Sigmund
             ... wielding a +0 scythe
              (8 damage)
             ... on level 2 of the Dungeon.
             The game lasted 00:03:53 (1661 turns).

Hebeh the Covered (Minotaur Fighter)                Turns: 1661, Time: 00:03:53

Health: -4/41      AC:  7    Str: 22    XL:     4   Next: 68%
Magic:  3/3        EV:  7    Int:  5    God:
Gold:   100        SH:  9    Dex:  9    Spells: 3/3 levels left

rFire    . . .     SeeInvis .   a - +0 war axe
rCold    . . .     Gourm    .   c - +0 shield
rNeg     . . .     Faith    .   b - +0 scale mail
rPois    .         Spirit   .   (helmet restricted)
rElec    .         Reflect  .   (no cloak)
rCorr    .         Harm     .   (no gloves)
MR       .....                  (no boots)
Stlth    ..........             (no amulet)
HPRegen  0.13/turn              (no ring)
MPRegen  0.08/turn              (no ring)

@: no status effects
A: retaliatory headbutt, horns 2
a: no special abilities


You were on level 2 of the Dungeon.
You were hungry.

You visited 1 branch of the dungeon, and saw 2 of its levels.

You collected 100 gold pieces.

Inventory:

Hand Weapons
 a - a +0 war axe (weapon)
Missiles
 l - 22 sling bullets
Armour
 b - a +0 scale mail (worn)
 c - a +0 shield (worn)
Jewellery
 j - an uncursed amulet of regeneration {unknown}
 k - an uncursed amulet of magic regeneration {unknown}
 n - a +1 ring of protection {unknown}
Scrolls
 e - 5 scrolls of identify {unknown}
 h - a scroll of noise {unknown}
 i - a scroll of immolation {unknown}
 m - a scroll of remove curse {unknown}
 o - 2 scrolls of magic mapping {unknown}
 p - a scroll of fear {unknown}
Potions
 d - a potion of might
Comestibles
 f - 3 rations


   Skills:
 + Level 4.3 Fighting
 * Level 4.2 Axes
 + Level 4.4 Armour
 + Level 4.3 Shields


You had 3 spell levels left.
You didn't know any spells.
Your spell library was empty.

Dungeon Overview and Level Annotations

Branches:
Dungeon (2/15)

Altars:

Annotations:
D:2 Sigmund


Innate Abilities, Weirdness & Mutations

You reflexively headbutt those who attack you in melee.
You have a pair of horns on your head.


Message History

You bump into the rock wall.
You bump into the rock wall.
Sigmund closely misses you.
You hit Sigmund.
Sigmund is almost dead.
Sigmund hits you but does no damage. Sigmund barely misses you.
You bump into the rock wall.
You bump into the rock wall.
You feel less confused. Sigmund hits you but does no damage.
Unknown command.
You block Sigmund's attack.
You barely miss Sigmund.
Sigmund is almost dead.
Sigmund gestures at you while chanting. You resist with some effort.
Your shield and scale mail prevent you from hitting Sigmund.
Sigmund is almost dead.
Sigmund hits you with a scythe!
You die...

##..#.##.# ..#...##.#
##...###.# ##...###.#
##.......#########
.....#####.......# ##.###
#.#####.# #######
.....#####.#####.# #.....#
.....#........##@###)###.#
.....#.###.##...@....# #.#
.......# #.#####.##### #.#
.....#.# #..@....# ####.####
##.#...# ######### #.......#
#.#.#.###### #.##.##.#
##...<.....###### #.##..#.#
####..#####......####.###.#.#
^..#..#####.............#.#.#


You could see Sigmund.

Vanquished Creatures
  Robin (D:2)
  5 adders (D:2)
  An ooze (D:2)
  3 bats (D:1)
  4 giant cockroaches
  15 goblins
  9 hobgoblins
  A quokka (D:2)
  A ball python (D:1)
  2 frilled lizards (D:2)
  4 kobolds (D:2)
  10 rats
56 creatures vanquished.

Notes
Turn   | Place    | Note
-------+----------+-------------------------------------------
     0 | D:1      | Hebeh the Minotaur Fighter began the quest for the Orb.
     0 | D:1      | Reached XP level 1. HP: 19/19 MP: 0/0
    50 | D:1      | Reached XP level 2. HP: 24/27 MP: 1/1
   919 | D:2      | Reached XP level 3. HP: 33/33 MP: 2/2
  1212 | D:2      | Noticed Robin
  1224 | D:2      | Reached XP level 4. HP: 40/40 MP: 3/3
  1231 | D:2      | Killed Robin
  1637 | D:2      | Noticed Sigmund
  1661 | D:2      | Slain by Sigmund

Vault maps used:
D:1:      dpeg_arrival_water_temple_mockup
D:2:      minmay_misc_feat_ornament, minmay_misc_feat_room, uniq_sigmund,
          uniq_robin

Skill      XL: |  1  2  3  4 |
---------------+-------------+-----
Axes           | 3 4 |  4.2
Shields        | 4 |  4.3
Armour         | 4 |  4.4
Fighting       | 4 |  4.3

Action                   |  1- 3 |  4- 6 || total
-------------------------+-------+-------++-------
Melee: War axe           |    88 |    44 ||   132
       Headbutt          |     7 |     5 ||    12
  Eat: Chunk             |     1 |     1 ||     2
Armor: Scale mail        |    44 |    22 ||    66
Dodge: Dodged            |    23 |     9 ||    32
Block: Shield            |    39 |    27 ||    66

Table legend:
 A = Spawn XP
 B = Non-spawn XP
 C = Spawn XP percentage of total XP
 D = Spawn monster count
 E = Non-spawn monster count
 F = Spawn count percentage of total count
 G = Total turns spent on level
                    A         B        C        D         E        F      G
               +---------+---------+-------+---------+---------+-------+---------
         Total |       0 |     165 |   0.0 |       0 |      56 |   0.0 |  1661
               +---------+---------+-------+---------+---------+-------+---------
           D:1 |       0 |      35 |   0.0 |       0 |      21 |   0.0 |   885
           D:2 |       0 |     130 |   0.0 |       0 |      35 |   0.0 |   776
               +---------+---------+-------+---------+---------+-------+---------
